 Dungeon Crawl Stone Soup version 0.30-a0-279-g4b46babb21 (webtiles) character file.

Game seed: 18117132814516551156

434 rogsnak the Conjurer (level 7, -12/48 HPs)
             Began as a Barachi Air Elementalist on Oct 16, 2022.
             Was an Initiate of Sif Muna.
             Mangled by a troll (15 damage)
             ... on level 5 of the Dungeon.
             The game lasted 00:08:32 (4342 turns).

rogsnak the Conjurer (Barachi Air Elementalist)     Turns: 4342, Time: 00:08:33

Health: -12/48     AC:  2    Str: 10    XL:     7   Next: 0%
Magic:  9/12       EV: 12    Int: 17    God:    Sif Muna [......]
Gold:   222        SH:  0    Dex: 12    Spells: 5/13 levels left

rFire   . . .      SeeInvis .    o - +1 rapier
rCold   . . .      Faith    .    (no shield)
rNeg    . . .      Spirit   .    a - +0 robe
rPois   .          Reflect  .    (no helmet)
rElec   .          Harm     .    (no cloak)
rCorr   .          Rampage  .    (no gloves)
Will    .....                    (no boots)
Stlth   ++........               (no amulet)
HPRegen 0.28/turn                (no ring)
MPRegen 0.13/turn                (no ring)

@: about to teleport, unable to hop, slow
A: amphibious, slowness 1, strong legs 1, +LOS
a: Hop, Renounce Religion


You were on level 5 of the Dungeon.
You worshipped Sif Muna.
Sif Muna was noncommittal.
You visited 2 branches of the dungeon, and saw 6 of its levels.

You collected 222 gold pieces.

Inventory:

Hand Weapons
 d - a +0 hand axe
 o - a +1 rapier (weapon)
 u - a +0 long sword
Missiles
 e - 17 stones (quivered)
 n - 5 boomerangs
Armour
 a - a +0 robe (worn)
 A - the +2 robe of Akkuq {rCorr Str+9 Int-3 Stlth+}
   (You found it on level 4 of the Dungeon)

   Str:       It affects your strength (+9).
   Int:       It affects your intelligence (-3).
   rCorr:     It protects you from acid and corrosion.
   Stlth:     It makes you more stealthy.
 C - the +1 robe "Junliom" {*Corrode Str+5}
   (You found it on level 5 of the Dungeon)

   Str:       It affects your strength (+5).
   *Corrode:  It may corrode you when you take damage.
Wands
 s - a wand of roots (11)
Scrolls
 f - a scroll of magic mapping {unknown}
 g - 3 scrolls of identify
 j - a scroll of summoning {unknown}
 l - 2 scrolls of enchant weapon
 m - 2 scrolls of enchant armour {unknown}
 q - a scroll of immolation {unknown}
 r - a scroll of blinking {unknown}
 t - 3 scrolls of amnesia
 w - 2 scrolls of teleportation
 x - 2 scrolls of poison {unknown}
 y - a scroll of torment {unknown}
Potions
 b - 2 potions of magic
 c - 4 potions of curing
 h - 2 potions of heal wounds {unknown}
 i - 2 potions of brilliance {unknown}
 k - a potion of might {unknown}
 p - a potion of mutation {unknown}
 v - a potion of flight {unknown}
 z - a potion of invisibility {unknown}
 B - a potion of berserk rage


   Skills:
 + Level 1.1 Fighting
 + Level 2.5 Dodging
 - Level 2.0 Stealth
 + Level 3.8 Spellcasting
 * Level 5.2 Conjurations
 + Level 4.9 Air Magic


You had 5 spell levels left.
You knew the following spells:

 Your Spells              Type           Power      Damage    Failure   Level
a - Shock                 Conj/Air       80%        1d8       1%          1
b - Airstrike             Air            10%        2d(2-18)  21%         4
c - Kindle Blastsparks    Fire/Tloc/Air  16%        2d11      24%         3

Your spell library contained the following spells:

 Spells                   Type           Power      Damage    Failure   Level
 Static Discharge         Conj/Air       40%        2-4/arc   3%          2
 Swiftness                Air            20%        N/A       6%          3
 Hailstorm                Conj/Ice       12%        3d5       16%         3
 Sublimation of Blood     Necr           3%         N/A       24%         2
 Ignite Poison            Fire/Tmut/Pois 3%         N/A       43%         3
 Freezing Cloud           Conj/Ice/Air   7%         6-21      73%         5
 Irradiate                Conj/Tmut      6%         3d13      83%         5
 Ice Form                 Ice/Tmut       3%         N/A       85%         4
 Petrify                  Tmut/Erth      3%         N/A       85%         4
 Simulacrum               Ice/Necr       1%         N/A       100%        6


Dungeon Overview and Level Annotations

Branches:
Dungeon (5/15)             Temple (1/1) D:4

Altars:
Ashenzari
Cheibriados
Dithmenos
Elyvilon
Fedhas
Gozag
Hepliaklqana
Kikubaaqudgha
Makhleb
Okawaru
Qazlal
Ru
Sif Muna
Trog
Uskayaw
Vehumet
Wu Jian
Xom
Zin
The Shining One

Shops:
D:3 [!(:

Annotations:
Temple 4 transporters


Innate Abilities, Weirdness & Mutations

You are amphibious.
You cover ground slowly.
You can hop short distances.
You have an extended range of vision and can be seen from far away.


Message History

Really abort (and waste the scroll)? [Y]es or [N]o only, please.
Really abort (and waste the scroll)?
Okay, then.
The yak gores you!
A yak comes into view.
Unknown command.
Casting: Shock (safe; 1% risk of failure)
Confirm with . or Enter, or press ? or * to list all spells.
A cloud of volatile blastsparks flares up around you!
The yak bellows! x2; You hear a shout!
The troll bites you. The troll claws you! The troll claws you.
* * * LOW HITPOINT WARNING * * *
The yak barely misses you.
Unknown command.
Casting: Kindle Blastsparks (dangerous; 24% risk of failure)
Confirm with . or Enter, or press ? or * to list all spells.
There's already a cloud here!
The yak attacks as you move away! The yak closely misses you.
A gnoll comes into view. It is wielding a +0 flail.
The gnoll shouts!
You hear two shouts!
A hound comes into view.
The cloud of blastsparks explodes!
The concussive blast engulfs the troll!
The troll is moderately wounded.
The concussive blast engulfs the yak.
The yak is lightly wounded.
The concussive blast engulfs you!
* * * LOW HITPOINT WARNING * * *
The yak is knocked back by the blast.
You are knocked back by the blast.
The gnoll moves out of view.
The hound moves out of view.
You hear a bark!
Unknown command.
As you read the scroll labelled JAQIRO RAQEU, it crumbles to dust.
It is a scroll of enchant weapon.
Your +0 rapier glows red for a moment.
Unknown command.
As you read the scroll labelled FUKYS LONG, it crumbles to dust.
You feel strangely unstable.
It was a scroll of teleportation.
The troll bites you!
You die... h gY.

.. #.## Y.# #
###.####.#
##...##.#.#
#.#..Y.@..###.#.
#....#T.........
#
#.....###.###.##
#.#..#.## #..
#.##..#.# ###
#.###.###.##.#
#.........# #.#
######.#.## ##
#...#


You could see a yak and a troll.

Vanquished Creatures
  A black bear (D:4)
  An ogre (D:5)
  2 scorpions (D:4)
  A hound (D:4)
  2 adders (D:3)
  A worm (D:2)
  8 orcs
  3 endoplasms
  6 giant cockroaches
  7 goblins
  12 hobgoblins
  4 quokkas (D:1)
  5 ball pythons
  5 bats
  A frilled lizard (D:3)
  6 kobolds
  6 rats
71 creatures vanquished.

Notes
Turn   | Place    | Note
-------+----------+-------------------------------------------
     0 | D:1      | rogsnak the Barachi Air Elementalist began the quest for
                  | the Orb.
     0 | D:1      | Reached XP level 1. HP: 13/13 MP: 3/3
   191 | D:1      | Found a faded altar of an unknown god.
   308 | D:1      | Reached XP level 2. HP: 19/19 MP: 1/5
   917 | D:1      | You fall into a shaft and drop 1 floor!
  1254 | D:1      | Reached XP level 3. HP: 24/24 MP: 3/6
  1471 | D:2      | Reached skill level 2 in Conjurations
  2436 | D:3      | Found Qakesm's Distillery.
  2464 | D:3      | Reached XP level 4. HP: 11/30 MP: 0/8
  2664 | D:3      | Found Egugibum's Antique Armour Emporium.
  2805 | D:3      | Found Cips's Weapon Emporium.
  2950 | D:3      | Found Pefrem's Book Boutique.
  3087 | D:4      | Learned a level 4 spell: Airstrike
  3091 | D:4      | Learned a level 3 spell: Kindle Blastsparks
  3091 | D:4      | Found a staircase to the Ecumenical Temple.
  3095 | D:4      | Noticed a scorpion
  3155 | Temple   | Entered the Ecumenical Temple
  3155 | Temple   | Found a transporter.
  3155 | Temple   | Found a transporter.
  3156 | Temple   | Found a transporter.
  3156 | Temple   | Found a transporter.
  3173 | Temple   | Became a worshipper of Sif Muna the Loreminder
  3211 | D:4      | Killed a scorpion
  3212 | D:4      | Reached skill level 3 in Conjurations
  3212 | D:4      | Reached XP level 5. HP: 36/36 MP: 2/9
  3417 | D:4      | Noticed a black bear
  3426 | D:4      | Killed a black bear
  3427 | D:4      | Reached skill level 1 in Fighting
  3427 | D:4      | Reached skill level 4 in Conjurations
  3427 | D:4      | Reached XP level 6. HP: 43/43 MP: 2/11
  3823 | D:4      | Found an ornate altar of the Wu Jian Council.
  3926 | D:4      | Identified the +2 robe of Akkuq {rCorr Str+9 Int-3 Stlth+}
  4144 | D:5      | Entered Level 5 of the Dungeon
  4200 | D:5      | Reached skill level 5 in Conjurations
  4200 | D:5      | Reached XP level 7. HP: 17/48 MP: 7/12
  4326 | D:5      | Noticed a yak
  4327 | D:5      | Identified the +1 robe "Junliom" {*Corrode Str+5}
  4330 | D:5      | Noticed a yak
  4334 | D:5      | Noticed a troll
  4338 | D:5      | Noticed a yak
  4340 | D:5      | HP: 2/48 [shot self (9)]
  4342 | D:5      | Mangled by a troll

Illustrated notes

Levels and vault maps discovered:
D:1:      minmay_arrival_widening_spiral_wide, layout_basic,
          chequers_ecumenical_altar_simple_redux
D:2:      layout_loops_ring
D:3:      layout_basic, serial_shops, nicolae_shop_hallway_plus,
          nicolae_shop_bloodbath_and_beyond, shop, nicolae_shop_trees
D:4:      layout_loops_ring, nicolae_wu_jian_wuxing_cycle,
          minmay_temple_entry_large_hall
D:5:      layout_loops_corners, minmay_manual_monstrance
Temple:   hellmonk_temple_divided_pantheon

Skill      XL: |  1  2  3  4  5  6 |
---------------+-------------------+-----
Stealth        | 2 |  2.0
Conjurations   | 2 3 4 5 |  5.2
Air Magic      | 4 |  4.9
Spellcasting   | 3 |  3.8
Fighting       | 1 |  1.1
Dodging        | |  2.5

Action                   |  1- 3 |  4- 6 |  7- 9 || total
-------------------------+-------+-------+-------++-------
Melee: Hand axe          |     6 |       |       ||     6
       Rapier            |    15 |    16 |     1 ||    32
       Punch             |     1 |       |       ||     1
Throw: Stone             |     2 |       |       ||     2
 Cast: Shock             |    82 |    72 |     1 ||   155
       Kindle Blastspark |       |       |     1 ||     1
 Abil: Hop               |     1 |     1 |     1 ||     3
  Use: Potion            |     1 |       |       ||     1
       Scroll            |       |       |     4 ||     4
Armor: Robe              |     6 |     3 |       ||     9
Dodge: Dodged            |    23 |    16 |     4 ||    43

Table legend: (Time is in decaauts)
 A = Elapsed time spent in this place.
 B = Non-inter-level travel time spent in this place.
 C = Inter-level travel time spent in this place.
 D = Time resting spent in this place.
 E = Time spent auto-exploring this place.
 F = Levels seen in this place.
 G = Mean time per level.
                   A        B        C        D        E       F      G
               +--------+--------+--------+--------+--------+-----+--------+
         Total |   4860 |   4750 |    110 |    452 |   3669 |   6 |  810.0 |
       Dungeon |   4816 |   4706 |    110 |    452 |   3669 |   5 |  963.2 |
        Temple |     43 |     43 |      0 |      0 |      0 |   1 |   43.0 |
               +--------+--------+--------+--------+--------+-----+--------+

Top non-repeatable levels by time:
     D:1: 1400 daAuts
     D:4: 1183 daAuts
     D:3: 1025 daAuts
     D:2: 995 daAuts
     D:5: 212 daAuts
  Temple: 43 daAuts
